 Dungeon Crawl Stone Soup version 0.22-a0-305-gd21a89c (webtiles) character file.

123 Amnesiac the Conjurer (level 4, -10/30 HPs)
             Began as a Mummy Conjurer on Mar 30, 2018.
             Killed from afar by Nuz's ghost (16 damage)
             ... with a spray of energy
             ... on level 3 of the Dungeon.
             The game lasted 00:03:02 (3318 turns).

Amnesiac the Conjurer (Mummy Conjurer)              Turns: 3318, Time: 00:03:02

Health: -10/30     AC:  6    Str: 11    XL:     4   Next: 80%
Magic:  3/10       EV: 12    Int: 15    God:
Gold:   61         SH:  0    Dex: 12    Spells: 6/11 levels left

rFire    x . .     SeeInvis .   d - -2 dagger (curse)
rCold    + . .     Gourm    .   (no shield)
rNeg     + + +     Faith    .   a - +0 robe
rPois    ∞         Spirit   .   (no helmet)
rElec    .         Reflect  .   m - +2 cloak
rCorr    .         Harm     .   (no gloves)
MR       .....                  b - +0 pair of boots (curse)
Stlth    ++........             (no amulet)
HPRegen  0.10/turn              (no ring)
MPRegen  0.12/turn              (no ring)

@: no status effects
A: no food or potions, fire vulnerability, cold resistance 1, negative energy
resistance 3, torment resistance, unbreathing
a: no special abilities


You were on level 3 of the Dungeon.
You were not hungry.

You visited 1 branch of the dungeon, and saw 3 of its levels.

You collected 61 gold pieces.

Inventory:

Hand Weapons
 d - a cursed -2 dagger (weapon)
 p - a +2 quarterstaff of holy wrath
Armour
 a - a +0 robe (worn)
 b - a cursed +0 pair of boots (worn)
 g - a +1 buckler
 m - a +2 cloak (worn)
Jewellery
 i - an uncursed ring of positive energy {unknown}
 k - an uncursed ring of magical power {unknown}
 o - a +2 ring of protection {unknown}
Scrolls
 c - a scroll of magic mapping {!r, unknown}
 e - 3 scrolls of immolation {!r}
 f - a scroll of enchant armour {!r}
 h - 2 scrolls of teleportation {!r}
 j - a scroll of remove curse {!r, unknown}
 l - a scroll of fear {!r, unknown}
 n - a scroll of identify {!r, unknown}


   Skills:
 - Level 1.5 Dodging
 - Level 1.5 Stealth
 + Level 4.4 Spellcasting
 * Level 4.5 Conjurations


You had 6 spell levels left.
You knew the following spells:

 Your Spells              Type           Power        Failure   Level  Hunger
a - Magic Dart            Conj           ###.         2%          1    N/A
d - Iskenderun's Mystic   Conj           ###.....     26%         4    N/A

Dungeon Overview and Level Annotations

Branches:
Dungeon (3/15)

Altars:

Annotations:
D:2 Sigmund
D:3 Nuz's ghost, amateur DrCj


Innate Abilities, Weirdness & Mutations

You do not eat or drink.
Your flesh is vulnerable to fire.
You are immune to poison.
Your flesh is cold resistant. (rC+)
You are immune to negative energy. (rN+++)
You are immune to unholy pain and torment.
You can survive without breathing.


Message History

Confirm with . or Enter, or press ? or * to list all spells.
Aiming: Magic Dart (safe; 2% risk of failure)
Press: ? - help, Shift-Dir - straight line, f/p - orc
Aim: an orc, wielding a war axe and wearing a leather armour (heavily wounded)
The magic dart hits the orc.
You kill the orc!
The giant cockroach bites you but does no damage.
Casting: Magic Dart (safe; 2% risk of failure)
Confirm with . or Enter, or press ? or * to list all spells.
Aiming: Magic Dart (safe; 2% risk of failure)
Press: ? - help, Shift-Dir - straight line, f - giant cockroach
Aim: a giant cockroach (clinging)
The magic dart hits the giant cockroach.
The giant cockroach barely misses you.
Casting: Magic Dart (safe; 2% risk of failure)
Confirm with . or Enter, or press ? or * to list all spells.
Aiming: Magic Dart (safe; 2% risk of failure)
Press: ? - help, Shift-Dir - straight line, f/p - giant cockroach
Aim: a giant cockroach (clinging)
The magic dart hits the giant cockroach.
The giant cockroach is severely wounded.
The giant cockroach barely misses you.
Casting: Magic Dart (safe; 2% risk of failure)
Confirm with . or Enter, or press ? or * to list all spells.
Aiming: Magic Dart (safe; 2% risk of failure)
Press: ? - help, Shift-Dir - straight line, f/p - giant cockroach
Aim: a giant cockroach (severely wounded, clinging)
The magic dart hits the giant cockroach.
You kill the giant cockroach!
The jackal closely misses you.
Casting: Magic Dart (safe; 2% risk of failure)
Confirm with . or Enter, or press ? or * to list all spells.
Aiming: Magic Dart (safe; 2% risk of failure)
Press: ? - help, Shift-Dir - straight line, f - jackal
Aim: a jackal The magic dart hits the jackal.
The jackal is almost dead.
The jackal barely misses you.
Casting: Magic Dart (safe; 2% risk of failure)
Confirm with . or Enter, or press ? or * to list all spells.
Aiming: Magic Dart (safe; 2% risk of failure)
Press: ? - help, Shift-Dir - straight line, f/p - jackal
Aim: a jackal (almost dead)
The magic dart hits the jackal.
You kill the jackal!
Nuz's ghost gestures at you while chanting.
The spray of energy hits you!
* * * LOW HITPOINT WARNING * * *
Press: ? - help, v - describe, . - travel
Here: Nuz's ghost The floor.
Unknown command.
You can't drink.
Okay, then.
Things that are here:
a war axe; a leather armour Nuz's ghost points at you and mumbles some strange words.
The magic dart hits you!
* * * LOW HITPOINT WARNING * * *
Nuz's ghost says very slowly, "There's no hope."
Nuz's ghost gestures at you while chanting.
The spray of energy hits you!
Ouch! That really hurt!
You die...

###.......... #?#
###...[...##. #.#
##(#..........
#.###.#!.......##[
#.##.#.%..........
#.#......#...####.
#.#†##.#..........
##.#.#######..####.
####.@................
#....................!
#.##.##†###.###.##....
# ##.##.# .# .##....
###### #W..#.# ..
....... .....#
###.#.#.# .###.###...
[....#######...#...#
.# #.......
)...).....)W.#####.#
.#######.#.
.....#######...# ..#
.........#.


You could see Nuz's ghost.

Vanquished Creatures
  4 adders
  2 oozes
  A worm (D:2)
  4 dart slugs
  A leopard gecko (D:1)
  5 orcs (D:3)
  4 giant cockroaches
  6 goblins
  5 hobgoblins
  5 jackals
  A ball python (D:3)
  4 bats
  8 frilled lizards
  7 kobolds
  6 rats
63 creatures vanquished.

Notes
Turn   | Place    | Note
-------+----------+-------------------------------------------
     0 | D:1      | Amnesiac the Mummy Conjurer began the quest for the Orb.
     0 | D:1      | Reached XP level 1. HP: 13/13 MP: 4/4
   335 | D:1      | Reached XP level 2. HP: 19/19 MP: 0/6
   956 | D:1      | Reached XP level 3. HP: 24/24 MP: 1/8
  2438 | D:2      | Reached XP level 4. HP: 29/30 MP: 3/10
  2467 | D:2      | Learned a level 4 spell: Iskenderun's Mystic Blast
  2639 | D:2      | Noticed Sigmund
  3289 | D:3      | Noticed Nuz's ghost (amateur DrCj)
  3318 | D:3      | Killed from afar by Nuz's ghost

Vault maps used:
D:1:      dpeg_arrival_solitude, st_stairs_13, minmay_misc_feat_hallway,
          minmay_misc_feat_nine_boxes, minmay_pentomino_x2
D:2:      uniq_sigmund

Skill      XL: |  1  2  3 |
---------------+----------+-----
Spellcasting   | 3 4 |  4.4
Conjurations   | 4 |  4.5
Dodging        | |  1.5
Stealth        | |  1.5

Action                   |  1- 3 |  4- 6 || total
-------------------------+-------+-------++-------
Melee: Unarmed           |    12 |       ||    12
       Dagger            |    18 |    23 ||    41
 Cast: Magic Dart        |   115 |    61 ||   176
  Use: Scroll            |       |     3 ||     3
Armor: Robe              |     7 |    10 ||    17
Dodge: Dodged            |    26 |    27 ||    53

Table legend:
 A = Spawn XP
 B = Non-spawn XP
 C = Spawn XP percentage of total XP
 D = Spawn monster count
 E = Non-spawn monster count
 F = Spawn count percentage of total count
 G = Total turns spent on level
                    A         B        C        D         E        F      G
               +---------+---------+-------+---------+---------+-------+---------
         Total |       0 |     177 |   0.0 |       0 |      63 |   0.0 |  3318
               +---------+---------+-------+---------+---------+-------+---------
           D:1 |       0 |      56 |   0.0 |       0 |      26 |   0.0 |  1627
           D:2 |       0 |      54 |   0.0 |       0 |      17 |   0.0 |  1025
           D:3 |       0 |      67 |   0.0 |       0 |      20 |   0.0 |   666
               +---------+---------+-------+---------+---------+-------+---------
